 Dungeon Crawl Stone Soup version 0.31-a0-198-g2ad674f65e (webtiles) character file.

Game seed: 6371026365159483639

571 qw the Skirmisher (level 7, -1/36 (40) HPs)
             Began as a Deep Elf Hunter on June 25, 2023.
             Slain by a wight
             ... wielding a +3 trident
              (11 damage)
             ... on level 4 of the Dungeon.
             The game lasted 00:00:50 (2768 turns).

qw the Skirmisher (Deep Elf Hunter)                 Turns: 2768, Time: 00:00:51

HP:   -1/36 (40)    AC:  6    Str: 16    XL:     7   Next: 11%
MP:   9/9           EV: 12    Int: 14    God:
Gold: 164           SH:  0    Dex: 18    Spells: 6/6 levels left

rFire   . . .        e - +0 longbow (heavy)
rCold   . . .        (shield currently unavailable)
rNeg    . . .        k - +0 ring mail
rPois   .            j - +0 helmet
rElec   .            (no cloak)
rCorr   .            (no gloves)
SInv    .            (no boots)
Will    .....        (no amulet)
Stlth   +            i - +6 ring of strength
HPRegen 0.26/turn    (no ring)
MPRegen 0.11/turn

%: no passive effects
@: heavily drained
A: no striking features
a: no special abilities


You were on level 4 of the Dungeon.
You visited 1 branch of the dungeon, and saw 4 of its levels.

You collected 164 gold pieces.


   Skills:
 - Level 2.1 Fighting
 + Level 10.7 Ranged Weapons
 - Level 3.3 Dodging
 - Level 1.2 Stealth


You had 6 spell levels left.
You didn't know any spells.
Your spell library was empty.

Inventory:

Hand Weapons
 e - a +0 heavy longbow (weapon)
Armour
 c - a +3 scale mail of cold resistance
 j - a +0 helmet (worn)
 k - a +0 ring mail (worn)
Jewellery
 i - a +6 ring of strength (left hand)
Scrolls
 b - a scroll of identify
Potions
 a - a potion of heal wounds {unknown}
 d - 3 potions of curing
 f - a potion of haste {unknown}
 g - a potion of magic {unknown}
 h - a potion of attraction {unknown}
 l - a potion of cancellation {unknown}

Dungeon Overview and Level Annotations

Branches:
Dungeon (4/15)
 Temple: D:4-7

Altars:
Hepliaklqana

Shops:
D:1 :

Annotations:
D:3 1 runed translucent door, Crazy Yiuf


Message History

Enter note:
Enter note:
Enter note:
Enter note:
Enter note:
Enter note:
There is an open door here.
There is an open door here.
Items here: % ) / [.
There is a stone staircase leading down here. 4 wights come into view.
Enter note:
Enter note:
Enter note:
Enter note:
Enter note:
Enter note: You shoot an arrow.
The arrow closely misses the wight.
You shoot an arrow. The arrow hits the wight.
The wight is moderately damaged.
The wight hits you with a +1 dagger.
You feel drained.
The wight hits you with a +5 morningstar!
The wight hits you but does no damage.
2766 ||| Stepping ~*~*~tactically~*~*~ (outnumbered).
The wight attacks as you move away! The wight barely misses you.
The wight attacks as you move away!
The wight hits you with a +5 morningstar.
You feel drained.
You shoot an arrow. The arrow hits the wight.
The wight is moderately damaged.
The wight misses you.
The wight hits you from afar with a +3 trident.
The wight closely misses you.
The wight hits you from afar with a +3 trident.
You feel drained.
You shoot an arrow. The arrow closely misses the wight.
The arrow hits the wight!
The wight is almost destroyed.
The wight hits you from afar with a +3 trident!
You die...

#####).# ..# # #..# ## ### #
#..# .. # #..# .# #####
#####..# .# # #.... .......#
z# #.#)### ...###.# .#####.
#..<... ##.#
#.###########z..............
#.# #..........@zzz#
####.##.###
#.###.############..# # #.#
# #.............. ..# #.# #
#.###.####...# ## #.# # #.#
#........## ..# #
#.#####........ ... .
#..........#####
#######...##~~~##
#####~~~~~#


You could see 4 wights.

Vanquished Creatures
  Grinder (D:4)
  Edmund (D:4)
  A howler monkey (D:3)
  A hound (D:4)
  Ijyb (D:4)
  Natasha (D:4)
  6 adders
  3 worms (D:2)
  2 dart slugs
  6 orcs
  7 bats
  8 endoplasms
  3 giant cockroaches
  6 goblins
  7 hobgoblins
  2 jackals (D:3)
  A quokka (D:1)
  11 ball pythons
  2 frilled lizards (D:1)
  3 kobolds
  8 rats
81 creatures vanquished.

Notes
Turn   | Place    | Note
-------+----------+-------------------------------------------
     0 | D:1      | qw the Deep Elf Hunter began the quest for the Orb.
     0 | D:1      | Reached XP level 1. HP: 12/12 MP: 3/3
     0 | D:1      | 0 ||| qw: Version: 0.3-a-22-g0ed2b0b
     0 | D:1      | 0 ||| qw: Game counter: 4942
     0 | D:1      | 0 ||| qw: Melee chars always use a shield: true
     0 | D:1      | 0 ||| qw: God list: Okawaru
     0 | D:1      | 0 ||| qw: Allow faded altars: false
     0 | D:1      | 0 ||| qw: Do Orc after clearing Dungeon:15 true
     0 | D:1      | 0 ||| qw: Do second Lair branch before Depths: true
     0 | D:1      | 0 ||| qw: Lair rune preference: random
     0 | D:1      | 0 ||| qw: Goals: Normal
     0 | D:1      | 0 ||| PLANNING D:1-11
   121 | D:1      | Reached XP level 2. HP: 16/16 MP: 4/4
   135 | D:1      | Found a faded altar of an unknown god.
   138 | D:1      | Reached skill level 6 in Ranged Weapons
   222 | D:1      | 222 ||| SWAPPING to +0 longbow.
   224 | D:1      | 224 ||| DROPPING +0 shortbow.
   377 | D:1      | Found Giqefet's Book Emporium.
   390 | D:1      | 390 ||| READING scroll labelled FAURATH OGOFOME.
   399 | D:1      | Reached XP level 3. HP: 20/20 MP: 5/5
   758 | D:1      | 758 ||| READING scroll labelled MOGHUOSMIA.
   759 | D:1      | 759 ||| READING scroll labelled ZATOARI USAIWY.
   760 | D:1      | 760 ||| READING scroll labelled TUBLUK CIRU.
   761 | D:1      | 761 ||| READING scroll labelled ATSIM RAXANAMO.
   765 | D:1      | 765 ||| DROPPING scroll of butterflies.
   851 | D:2      | Reached skill level 7 in Ranged Weapons
   907 | D:2      | Reached XP level 4. HP: 25/25 MP: 6/6
  1159 | D:2      | Reached skill level 8 in Ranged Weapons
  1160 | D:2      | 1160 ||| READING scroll labelled MID ALIOMN.
  1161 | D:2      | 1161 ||| DRINKING 3 orange potions.
  1313 | D:3      | You fall into a shaft and drop 1 floor!
  1322 | D:4      | Noticed Grinder
  1324 | D:4      | Paralysed by Grinder for 5 turns
  1330 | D:4      | Killed Grinder
  1331 | D:4      | Reached skill level 9 in Ranged Weapons
  1331 | D:4      | Reached XP level 5. HP: 26/29 MP: 7/7
  1331 | D:4      | Reached XP level 6. HP: 30/34 MP: 8/8
  1395 | D:4      | Reached skill level 3 in Dodging
  1470 | D:4      | 1470 ||| READING scroll labelled SOYCAATHRUTH.
  1476 | D:4      | 1476 ||| STAIRDANCE
  1552 | D:3      | Found a runed translucent door.
  1553 | D:3      | Noticed Crazy Yiuf
  2160 | D:3      | 2160 ||| UPGRADING to +0 helmet.
  2165 | D:3      | 2165 ||| UPGRADING to +0 ring mail.
  2175 | D:3      | 2175 ||| DROPPING +0 leather armour.
  2176 | D:3      | 2176 ||| UPGRADING to +6 ring of strength.
  2177 | D:3      | 2177 ||| READING scroll labelled MOORHE TEWEM.
  2257 | D:4      | Noticed Edmund
  2263 | D:4      | Killed Edmund
  2264 | D:4      | Reached skill level 10 in Ranged Weapons
  2264 | D:4      | Reached XP level 7. HP: 27/40 MP: 9/9
  2333 | D:4      | Noticed Natasha
  2340 | D:4      | HP: 8/40 [Natasha (8)]
  2341 | D:4      | Killed Natasha
  2674 | D:4      | Noticed Ijyb
  2676 | D:4      | Killed Ijyb
  2696 | D:4      | Found a hazy altar of Hepliaklqana.
  2766 | D:4      | 2766 ||| Stepping ~*~*~tactically~*~*~ (outnumbered).
  2767 | D:4      | HP: 9/36 [wight/+3 trident (1)]
  2768 | D:4      | Slain by a wight

Levels and vault maps discovered:
D:1:      eino_arrival_water_star, layout_basic, serial_shops,
          nicolae_book_shop_shelving, serial_forest, infiniplex_forest_end_2,
          infiniplex_forest_straight_1, infiniplex_forest_zigzag_1,
          infiniplex_forest_clump_C, infiniplex_forest_straight_2,
          infiniplex_forest_lined_1, infiniplex_forest_lined_3,
          nicolae_ecumenical_snake_handling, chequers_serial_rivers_large_b,
          dk_noncrumbling_3
D:2:      layout_rooms
D:3:      layout_basic, uniq_crazy_yiuf_cottage
D:4:      layout_loops_ring, worldfamousw_hep_ancestral_shrine, uniq_grinder,
          uniq_edmund, uniq_natasha, uniq_ijyb

Skill      XL: |  1  2  3  4  5  6 |
---------------+-------------------+-----
Ranged Weapons | 6 7 9 10 | 10.7
Dodging        | 3 |  3.3
Fighting       | 2 |  2.1
Stealth        | |  1.2

Action                     |  1- 3 |  4- 6 |  7- 9 || total
---------------------------+-------+-------+-------++-------
   Fire: Shortbow          |    32 |       |       ||    32
         Longbow           |    29 |    64 |    20 ||   113
    Use: Scroll            |     5 |     3 |       ||     8
         Potion            |       |     1 |       ||     1
 Armour: Leather armour    |     7 |     5 |       ||    12
         Ring mail         |       |       |     8 ||     8
  Dodge: Dodged            |    12 |    17 |    13 ||    42

Table legend:
 A = Non-vault XP
 B = Vault XP
 C = Vault XP percentage of total XP
 D = Non-vault monster count
 E = Vault monster count
 F = Vault count percentage of total count
                 A         B        C        D         E       F
            +---------+---------+-------+---------+---------+-------
      Total |     312 |     504 |  61.8 |      73 |       8 |   9.9
            +---------+---------+-------+---------+---------+-------
        D:1 |      40 |       5 |  11.1 |      22 |       4 |  15.4
        D:2 |     106 |       0 |   0.0 |      21 |       0 |   0.0
        D:3 |      83 |       0 |   0.0 |      17 |       0 |   0.0
        D:4 |      83 |     499 |  85.7 |      13 |       4 |  23.5
            +---------+---------+-------+---------+---------+-------
